Unix NetHack Version 5.0.0-0 post-release - last build May 23 2026 06:08:33 (1c0ff79ee797540d5714e4e18072db0edd9e58ae,branch:main).

Game began 2026-05-23 15:05:36, ended 2026-05-23 17:19:15.

DeathOnAStick, neutral male human Tourist

                          --------------------------
                          |>......^........^^^^^^^.|
                          |.......----------------.|
                          -------[------         |.|
                           |...........|         |.|
                           |`.`.`...`.`|         |.|
                          --------%----|         |.|
                          |......%.....|         |.|
                          |.`..........|         |.|
                          -----.--------   ------|.|
                           |..........|  --|.....|.|
                           |.....`....|  |.+.....|.|
                           |.`.....`.--  |-|.....|.|
                          -------@----   |.+.....+.|
                          |%....@..|     |-|.....|--
                          |.....%..|     |.+.....|
                          |...------     --|.....|
                          -----            -------
DeathOnAStick the Excursionist  St:18/03 Dx:12 Co:17 In:12 Wi:10 Ch:18  Neutral S:17482
Dlvl:5  $:0  HP:0(72) Pw:33(33) AC:-2 Xp:9/3942 T:10672  Satiated

Latest messages:
 With great effort you move the boulder.
 You try to move the boulder, but in vain.
 What do you want to wield? [- ad or ?*] a
 You are already wielding that!
 You see here 2 food rations.
 You see here a food ration.
 The Grey-elf drinks a cloudy potion!
 Suddenly you cannot see the Grey-elf.
 What do you want to wield? [- ad or ?*] a
 You are already wielding that!
 You hit the Grey-elf!
 The Grey-elf swings his runed broadsword.
 The Grey-elf misses!
 You miss the Grey-elf.
 The Grey-elf swings his runed broadsword.
 The Grey-elf hits!
 You hit the Grey-elf!
 The Grey-elf swings his runed broadsword.
 The Grey-elf hits!
 Are you waiting to get hit?  Use 'm' prefix to force a no-op (to rest).
 You hit the Grey-elf!
 The Grey-elf swings his runed broadsword.
 The Grey-elf hits!
 You hit the Grey-elf!
 The Grey-elf swings his runed broadsword.
 The Grey-elf hits!
 You hit the Grey-elf!
 The Grey-elf swings his runed broadsword.
 The Grey-elf hits!
 You kill the Grey-elf!
 It hits!
 The Grey-elf picks up a leather hat.
 You hit the Grey-elf!
 The Grey-elf swings her runed broadsword.
 The Grey-elf hits!
 Are you waiting to get hit?  Use 'm' prefix to force a no-op (to rest).
 Are you waiting to get hit?  Use 'm' prefix to force a no-op (to rest).
 What do you want to zap? [hlmpyCMPV or ?*] h
 The Grey-elf swings her runed broadsword.
 The Grey-elf hits!
 Are you sure you want to pray? [yn] (n) y
 You begin praying to The Lady.
 The Grey-elf swings her runed broadsword.
 The Grey-elf hits!
 You die...
 Do you want your possessions identified? [ynq] (y) y
 Do you want to see your attributes? [ynq] (y) y
 Do you want an account of creatures vanquished? [ynaq] (y) y
 Do you want to see your conduct and achievements? [ynq] (y) y
 Do you want to see the dungeon overview? [ynq] (y) y

Inventory:
 Weapons  (')')
  a - the blessed +0 Sting (weapon in right hand)
 Armor    ('[')
  W - a blessed +1 dwarvish iron helm (being worn)
  z - an uncursed +0 pair of leather gloves (being worn)
  K - an uncursed +0 pair of iron shoes (being worn)
  X - a blessed +0 dwarvish mithril-coat (being worn)
 Comestibles  ('%')
  t - 2 uncursed bananas
  S - an uncursed candy bar labeled "Om-nom"
  T - 2 uncursed food rations
  O - an uncursed lizard corpse
 Scrolls  ('?')
  n - an uncursed scroll of scare monster
 Rings    ('=')
  i - a cursed -1 ring of increase damage
  k - an uncursed ring of teleport control
 Wands    ('/')
  m - a wand of cancellation (0:7)
  C - a wand of fire (0:0)
  l - a wand of light (0:12)
  P - a wand of light (0:11)
  M - a wand of secret door detection (0:12)
  V - a wand of slow monster (0:3)
  h - a wand of stasis (0:3)
  p - a wand of striking (0:5)
  y - a wand of undead turning (0:3)
 Tools    ('(')
  f - an uncursed sack containing 32 items
  R - an uncursed brass lantern
  v - an expensive camera (0:13)
  d - a +0 pick-axe
  x - an uncursed skeleton key
  s - an uncursed towel
 Gems/Stones  ('*')
  j - an uncursed luckstone

Contents of the sack:
  1711 gold pieces
  a +2 dart
  a blessed +0 mummy wrapping
  a cursed -1 mummy wrapping
  an uncursed tripe ration
  a blessed scroll of blank paper
  an uncursed scroll of blank paper
  a cursed scroll of blank paper
  a cursed scroll of earth
  an uncursed potion of extra healing
  2 blessed potions of healing
  2 uncursed potions of healing
  2 potions of holy water
  a cursed -1 ring of increase accuracy
  an uncursed ring of polymorph control
  an uncursed ring of protection from shape changers
  an uncursed ring of slow digestion
  a magic marker (0:47)
  an uncursed partly used tallow candle
  6 uncursed tallow candles
  an uncursed wax candle
  an uncursed diamond
  an uncursed jacinth stone
  2 uncursed worthless pieces of black glass
  2 uncursed worthless pieces of blue glass
  an uncursed worthless piece of green glass
  2 uncursed worthless pieces of orange glass
  4 uncursed worthless pieces of red glass
  an uncursed worthless piece of violet glass
  3 uncursed worthless pieces of white glass
  a cursed worthless piece of white glass
  3 uncursed worthless pieces of yellowish brown glass

DeathOnAStick the Tourist's attributes:

Background:
 You were an Excursionist, a level 9 male human Tourist.
 You were neutral, on a mission for The Lady
 who was opposed by Blind Io (lawful) and Offler (chaotic).
 You were right-handed.
 You were in Sokoban, on level 5.
 You entered the dungeon 10672 turns ago.
 You had 3942 experience points, 1178 more were needed to attain level 10.
 Your score was 17482 before end-of-game adjustments.

Basics:
 You had 0 out of 72 hit points.
 You had all 33 energy points (spell power).
 Your armor class was -2.
 Your wallet was empty, but
 you had 1711 zorkmids stashed away in your pack.
 Autopickup was off.

Final Characteristics:
 Your strength was 18/03 (limit:18/100).
 Your dexterity was 12 (limit:18).
 Your constitution was 17 (limit:18).
 Your intelligence was 12 (limit:18).
 Your wisdom was 10 (limit:18).
 Your charisma was 18 (limit:18).

Final Status:
 You were satiated.
 You were unencumbered.
 You were wielding a dagger.
 You were skilled in dagger.

Final Attributes:
 You were piously aligned.
 You were cold resistant.
 You were poison resistant.
 You were aware of the presence of orcs.
 You were guarded.
 You were very unlucky.
 You had extra luck.
 Bad luck did not time out for you.
 Good luck did not time out for you.
 You are dead.

Miscellaneous:
 You didn't encounter any bones levels.
 Total elapsed playing time was 2 hours, 13 minutes and 36 seconds.

Major events:
 Turn
    1: DeathOnAStick the neutral male human Tourist entered the dungeon
  422: entered the Gnomish Mines
  635: attained the rank of Sightseer (level 3)
  976: chose a runed dagger to be named "Sting"
 1433: reached Mine Town
 1453: attained the rank of Excursionist (level 6)
 7211: entered Sokoban
 8180: completed 1st Sokoban level
 9159: completed 2nd Sokoban level
 9642: completed 3rd Sokoban level
10672: killed by a Grey-elf, while praying

You didn't know any spells.

Skills:
 Fighting Skills
   bare handed combat [Unskilled]
   two weapon combat  [Unskilled]
   riding             [Unskilled]
 Weapon Skills
   dagger             [Skilled]
   knife              [Unskilled]
   axe                [Unskilled]
   pick-axe           [Unskilled]
   short sword        [Unskilled]
   broadsword         [Unskilled]
   long sword         [Unskilled]
   two-handed sword   [Unskilled]
   saber              [Unskilled]
   mace               [Unskilled]
   morning star       [Unskilled]
   flail              [Unskilled]
   hammer             [Unskilled]
   quarterstaff       [Unskilled]
   polearms           [Unskilled]
   spear              [Unskilled]
   trident            [Unskilled]
   lance              [Unskilled]
   bow                [Unskilled]
   sling              [Unskilled]
   crossbow           [Unskilled]
   dart               [Basic]
   shuriken           [Unskilled]
   boomerang          [Unskilled]
   whip               [Unskilled]
   unicorn horn       [Unskilled]
 Spellcasting Skills
   divination spells  [Unskilled]
   enchantment spells [Unskilled]
   escape spells      [Unskilled]

Voluntary challenges:
 Character rerolling was not enabled.
 You never genocided any monsters.
 You never polymorphed an object.
 You never changed form.
 You used no wishes.
 You violated the special Sokoban rules 8 times.
Achievements:
 You entered the Gnomish Mines.
 You attained the rank of Sightseer.
 You entered Minetown.
 You attained the rank of Excursionist.
 You entered a temple.
 You entered a shop.
 You entered Sokoban.

 The Dungeons of Doom: levels 1 to 9
    Level 1:
    Level 2:
       Stairs down to The Gnomish Mines.
    Level 3:
       Some fountains, a sink.
    Level 4:
    Level 5:
       Many fountains.
    Level 6:
       A fountain.
    Level 7:
    Level 8:
       Many fountains.
       Oracle of Delphi.
    Level 9:
       A fountain, a sink.
       Stairs up to Sokoban, level 8.
 The Gnomish Mines: levels 3 to 7
    Level 3:
    Level 4:
    Level 5:
       Many shops, a temple and an altar to The Lady, some fountains.
    Level 6:
    Level 7:
 Sokoban: levels 8 up to 5
    Level 5: <- You were here.
       Unsolved.
       Final resting place for
          you, killed by a Grey-elf, while praying.
    Level 6:
       Solved.
    Level 7:
       Solved.
    Level 8:
       Solved.


Vanquished creatures:
  2 giant mimics
  a stalker
  a warg
 an ogre leader
  a large dog
  2 large cats
  a gargoyle
 an ochre jelly
  a python
  a pit viper
  a leather golem
  a Grey-elf
  a chameleon
  a cockatrice
  3 wolves
  a lynx
  a panther
  a gremlin
  a spotted jelly
  a leprechaun
  a mumak
  a giant spider
  2 orc mummies
  a gold golem
  2 lizards
  a dingo
  a housecat
  a jaguar
  a dwarf leader
  a blue jelly
  2 dust vortices
  a raven
  a plains centaur
  a snake
  4 soldier ants
  a bugbear
 an imp
  a water nymph
  3 Mordor orcs
  6 Uruk-hai
  3 rock piercers
  3 rock moles
  a fog cloud
  2 yellow lights
  2 violet fungi
  8 gnome leaders
  7 gnomish wizards
  2 kobold mummies
  a gray ooze
  a barrow wight
 an elf zombie
  a straw golem
  a paper golem
  3 giant ants
  2 floating eyes
  a kitten
 11 dwarves
  a kobold leader
  a kobold shaman
  7 hill orcs
 11 rothes
  a giant bat
  a dwarf zombie
  a werejackal
  9 iguanas
  6 coyotes
  a gas spore
  3 hobbits
  a hobgoblin
  6 giant rats
  4 cave spiders
  2 yellow molds
  a green mold
  a red mold
 33 gnomes
  5 garter snakes
  4 geckos
  4 jackals
  a fox
  4 kobolds
  2 goblins
  a sewer rat
  2 grid bugs
  a bat
  2 lichens
  a kobold zombie
  6 newts
230 creatures vanquished.

No species were genocided or became extinct.

Game over:
                       ----------
                      /          \
                     /    REST    \
                    /      IN      \
                   /     PEACE      \
                  /                  \
                  |  DeathOnAStick   |
                  |     1711 Au      |
                  |   killed by a    |
                  |     Grey-elf     |
                  |                  |
                  |                  |
                  |       2026       |
                 *|     *  *  *      | *
        _________)/\\_//(\/(/\)/\//\/|_)_______

Aloha DeathOnAStick the Tourist...

You died in Sokoban on dungeon level 5 with 17364 points,
and 1711 pieces of gold, after 10672 moves.
You were level 9 with a maximum of 72 hit points when you died.

